 Dungeon Crawl Stone Soup version 0.29.1-15-g9cfb28693d (webtiles) character file.

Game seed: 1008739408273103552

117 Eitelfritz the Firebug (level 4, -4/31 HPs)
             Began as a Demonspawn Fire Elementalist on Mar 10, 2023.
             Succumbed to a water moccasin's poison
             ... on level 5 of the Dungeon.
             The game lasted 00:06:48 (3039 turns).

Eitelfritz the Firebug (DsFE)                       Turns: 3039, Time: 00:06:49

Health: -4/31      AC:  3    Str:  9    XL:     4   Next: 71%
Magic:  4/8        EV: 12    Int: 18    God:
Gold:   23         SH:  0    Dex: 17    Spells: 5/8 levels left

rFire   . . .      SeeInvis .   f - +0 short sword
rCold   . . .      Faith    .   (no shield)
rNeg    . . .      Spirit   .   a - +0 robe
rPois   .          Reflect  .   (no helmet)
rElec   .          Harm     .   d - +0 cloak
rCorr   .          Rampage  .   (no gloves)
Will    .....                   (no boots)
Stlth   ++++......              (no amulet)
HPRegen 0.10/turn               (no ring)
MPRegen 0.11/turn               (no ring)

@: mighty, lethally poisoned (-4 -> -26)
A: thin skeletal structure 2
a: no special abilities


You were on level 5 of the Dungeon.
You visited 1 branch of the dungeon, and saw 5 of its levels.

You collected 88 gold pieces.
You spent 65 gold pieces at shops.

Inventory:

Hand Weapons
 b - a +0 sling
 f - a +0 short sword (weapon)
Armour
 a - a +0 robe (worn)
 d - a +0 cloak (worn)
Scrolls
 c - 5 scrolls of teleportation {unknown}
 e - a scroll of acquirement {unknown}
 h - a scroll of enchant armour {unknown}
 k - a scroll of enchant weapon {unknown}
 o - a scroll of silence {unknown}
 p - a scroll of identify {unknown}
Potions
 g - a potion of heal wounds {unknown}
 i - a potion of curing {unknown}
 j - a potion of might
 l - a potion of magic
 m - a potion of lignification {unknown}
 n - a potion of haste {unknown}


   Skills:
 + Level 0.4 Fighting
 + Level 0.3 Short Blades
 + Level 2.2 Dodging
 + Level 2.2 Stealth
 + Level 0.1 Unarmed Combat
 + Level 2.9 Spellcasting
 + Level 1.6 Conjurations
 + Level 3.6 Fire Magic


You had 5 spell levels left.
You knew the following spells:

 Your Spells              Type           Power      Damage    Failure   Level
a - Foxfire               Conj/Fire      48%        2x1d6     5%          1
b - Scorch                Fire           30%        2d7       5%          2

Your spell library contained the following spells:

 Spells                   Type           Power      Damage    Failure   Level
 Summon Small Mammal      Summ           8%         N/A       17%         1
 Conjure Flame            Conj/Fire      12%        6-21      17%         3
 Inner Flame              Hex/Fire       9%         N/A       24%         3
 Call Canine Familiar     Summ           2%         N/A       45%         3
 Summon Guardian Golem    Hex/Summ       2%         N/A       45%         3
 Flame Wave               Conj/Fire      12%        2d6       50%         4


Dungeon Overview and Level Annotations

Branches:
Dungeon (6/15)
 Temple: D:4-7

Altars:

Shops:
D:2 !*:(?


Innate Abilities, Weirdness & Mutations

You have a moderately thin skeletal structure. (Dex +4, Stealth++)


Message History

The hound bites you. The hound barely misses you.
You see here a sedimented blue potion.
The hound attacks as you move away! The hound completely misses you.
A scorpion comes into view.
The water moccasin closely misses you.
The water moccasin bites you but does no damage.
The hound bites you.
The water moccasin attacks as you move away!
The water moccasin completely misses you.
The hound barely misses you. The water moccasin barely misses you.
Found a lajatang.
The hound bites you.
There is a stone staircase leading up here.
The water moccasin bites you!
You are poisoned.
The water moccasin poisons you! The hound barely misses you.
The water moccasin barely misses you.
You climb upwards.
You feel sick.
Found 24 gold pieces.
There is a stone staircase leading down here.
Casting: Foxfire (safe; 6% risk of failure)
Confirm with . or Enter, or press ? or * to list all spells.
Flames lash the hound.
The hound is heavily wounded.
The hound's fire resistance burns away.
You feel sick. The hound barely misses you. The water moccasin bites you!
* * * LOW HITPOINT WARNING * * *
The hound misses you.
Casting: Scorch (safe; 6% risk of failure)
Confirm with . or Enter, or press ? or * to list all spells.
Flames lash the hound.
The hound is burned terribly!
You kill the hound!
* * * LOW HITPOINT WARNING * * *
You feel sick. The water moccasin bites you.
* * * LOW HITPOINT WARNING * * *
You are more poisoned.
The water moccasin poisons you!
It was a potion of might.
You feel very mighty all of a sudden.
You die...

......
....$#.
.......
##..$...#
#......##
#.......#
##.S....$.
#.@.#
#..†.#
#.....#
#......
##......
##.##..#
## ...
....


You could see a water moccasin.

Vanquished Creatures
  A hound (D:5)
  3 adders
  A worm (D:3)
  2 dart slugs
  An orc (D:3)
  An endoplasm (D:1)
  6 goblins
  6 hobgoblins
  2 jackals (D:2)
  7 kobolds
  A quokka (D:1)
  6 ball pythons
  3 bats (D:1)
  9 frilled lizards
  7 rats
56 creatures vanquished.

Vanquished Creatures (others)
  106 foxfires
  A plant (D:1)
107 creatures vanquished.

Grand Total: 163 creatures vanquished

Notes
Turn   | Place    | Note
-------+----------+-------------------------------------------
     0 | D:1      | Eitelfritz the Demonspawn Fire Elementalist began the quest
                  | for the Orb.
     0 | D:1      | Reached XP level 1. HP: 13/13 MP: 3/3
   278 | D:1      | Gained mutation: You have a somewhat thin skeletal
                  | structure. (Dex +2, Stealth+) [demonic ancestry]
   278 | D:1      | Reached XP level 2. HP: 7/19 MP: 0/5
   627 | D:1      | Reached skill level 3 in Fire Magic
   954 | D:1      | Learned a level 2 spell: Scorch
  1235 | D:1      | Reached XP level 3. HP: 20/24 MP: 3/6
  1572 | D:2      | Found Idibuatu's Distillery.
  1601 | D:2      | Found Ufuuqyt's Assorted Antiques.
  1780 | D:2      | Bought a scroll labelled QIRGHU DIWUI for 26 gold pieces
  1789 | D:2      | Found Vuaxkiz's Antique Weapon Shoppe.
  1931 | D:2      | Found Leloadd's Magic Scroll Boutique.
  1958 | D:2      | Bought a scroll of noise for 13 gold pieces
  2059 | D:2      | Found Acec's Book Emporium.
  2532 | D:2      | Gained mutation: You have a moderately thin skeletal
                  | structure. (Dex +4, Stealth++) [demonic ancestry]
  2532 | D:2      | Reached XP level 4. HP: 30/30 MP: 5/7
  2699 | D:2      | Bought a scroll labelled DECAIXTE HIRR for 26 gold pieces
  3024 | D:3      | You fall into a shaft and drop 3 floors!
  3027 | D:6      | Noticed a water moccasin
  3029 | D:6      | Noticed a scorpion
  3036 | D:5      | Entered Level 5 of the Dungeon
  3038 | D:5      | HP: 1/31 [water moccasin (2)]
  3039 | D:5      | Succumbed to a water moccasin's poison

Illustrated notes

Levels and vault maps discovered:
D:1:      saegor_arrival_simple_c, layout_basic, st_stairs_2,
          serial_bayou_ford_a, minmay_misc_feat_five, serial_park_tiny_1,
          minmay_misc_feat_cross
D:2:      layout_basic, serial_shops, shop, nicolae_shop_window_shopping, shop,
          nicolae_shop_trees, shop
D:3:      layout_basic, nicolae_overflow_hallway_of_the_gods
D:5:      layout_cave_pools, serial_shops, nicolae_inconvenience_store,
          uniq_pikel, uniq_edmund
D:6:      layout_cave_pools, gammafunk_ghost_smash, gup_sewer_entry_glass,
          kennysheep_generic_room_5, uniq_sigmund, uniq_duvessa

Skill      XL: |  1  2  3 |
---------------+----------+-----
Dodging        | 2 |  2.2
Fire Magic     | 3 |  3.6
Stealth        | 2 |  2.2
Fighting       | |  0.4
Short Blades   | |  0.3
Unarmed Combat | |  0.1
Spellcasting   | |  2.9
Conjurations   | |  1.6

Action                   |  1- 3 |  4- 6 || total
-------------------------+-------+-------++-------
Melee: Unarmed           |     6 |       ||     6
       Short sword       |    11 |    13 ||    24
 Cast: Foxfire           |    54 |     6 ||    60
       Scorch            |     4 |     4 ||     8
  Use: Potion            |       |     1 ||     1
 Stab: Sleeping          |     2 |     5 ||     7
Armor: Robe              |     8 |     2 ||    10
Dodge: Dodged            |    26 |    19 ||    45
